| TOP OF THE 1ST |
|
Columbus Clippers batting - Pitching for Fresno Grizzlies : RHP Gerardo Huerta
|
|
Pitching: RHP Gerardo Huerta
|
|
|
Batting: LHB John Harring
|
0-0: Ball 1-0: Ball 2-0: DOUBLE (Line Drive, 78M, EV 94.4 MPH)
|
|
Batting: LHB Corey Trevor
|
0-0: Ball 1-0: Called Strike 1-1: SINGLE (Groundball, 56D, EV 95.6 MPH) John Harring to third
|
|
Batting: RHB Christian Blue
|
0-0: Ball Corey Trevor steals 2nd base 1-0: Swinging Strike 1-1: Called Strike 1-2: Ball 2-2: Foul Ball, location: 2F 2-2: Fly out, F4 (Flyball, 4D, EV 92.5 MPH)
|
|
Batting: LHB Brent Albertson
|
0-0: Fly out, F8 (Flyball, 78XD, EV 110.6 MPH) Runner from 3rd tags up, SCORES, no throw by CF Corey Trevor to third
|
|
Batting: RHB John Shaffer
|
0-0: Ball 1-0: Ball 2-0: Called Strike 2-1: Called Strike 2-2: Strikes out swinging
|
| Top of the 1st over - 1 run, 2 hits, 0 errors, 1 left on base; Columbus 1 - Fresno 0 |
| BOTTOM OF THE 1ST |
|
Fresno Grizzlies batting - Pitching for Columbus Clippers : RHP Matt Zambon
|
|
Pitching: RHP Matt Zambon
|
|
|
Batting: RHB Ben Hoffman
|
0-0: Ball 1-0: Foul Ball, location: 2F 1-1: Ball 2-1: Swinging Strike 2-2: Ball 3-2: Fly out, F8 (Flyball, 8RD, EV 98.8 MPH)
|
|
Batting: RHB Paul Shell
|
0-0: Ball 1-0: Fly out, F4 (Popup, 4S, EV 86.2 MPH)
|
|
Batting: LHB Angelo Vasquez
|
0-0: Swinging Strike 0-1: Foul Ball, location: 2F 0-2: Ball 1-2: Strikes out swinging
|
| Bottom of the 1st over - 0 runs, 0 hits, 0 errors, 0 left on base; Columbus 1 - Fresno 0 |
| TOP OF THE 2ND |
|
Columbus Clippers batting - Pitching for Fresno Grizzlies : RHP Gerardo Huerta
|
|
Batting: LHB Norihide Takata
|
0-0: Ball 1-0: Foul Ball, location: 2F 1-1: Foul Ball, location: 2F 1-2: Strikes out swinging
|
|
Batting: RHB Armando Galindo
|
0-0: Ball 1-0: Foul Ball, location: 2F 1-1: Ball 2-1: SINGLE (Line Drive, 8RS, EV 113.1 MPH)
|
|
Batting: RHB Chris Folse
|
0-0: Called Strike 0-1: Ball 1-1: Ball 2-1: Called Strike 2-2: TRIPLE (Flyball, 89XD, EV 98.8 MPH) Armando Galindo scores
|
|
Batting: LHB John Dietrich
|
0-0: Called Strike 0-1: Ball 1-1: Called Strike 1-2: Strikes out looking
|
|
Batting: LHB John Harring
|
0-0: Foul Ball, location: 2F 0-1: Ball 1-1: Foul Ball, location: 2F 1-2: Ground out 4-3 (Groundball, 4, EV 100.6 MPH)
|
| Top of the 2nd over - 1 run, 2 hits, 0 errors, 1 left on base; Columbus 2 - Fresno 0 |
| BOTTOM OF THE 2ND |
|
Fresno Grizzlies batting - Pitching for Columbus Clippers : RHP Matt Zambon
|
|
Batting: RHB Bill Cabrera
|
0-0: Ground out 3-1 (Groundball, 34S, EV 81.9 MPH)
|
|
Batting: LHB Chris Cabrera
|
0-0: Called Strike 0-1: Ground out 6-3 (Groundball, 6, EV 86.2 MPH)
|
|
Batting: SHB Paskar Adegoke
|
0-0: Called Strike 0-1: Ground out 1-3 (Groundball, 15S, EV 70.0 MPH)
|
| Bottom of the 2nd over - 0 runs, 0 hits, 0 errors, 0 left on base; Columbus 2 - Fresno 0 |
| TOP OF THE 3RD |
|
Columbus Clippers batting - Pitching for Fresno Grizzlies : RHP Gerardo Huerta
|
|
Batting: LHB Corey Trevor
|
0-0: Ball 1-0: Foul Ball, location: 2F 1-1: Ball 2-1: Foul Ball, location: 2F 2-2: TRIPLE (Groundball, 5L, EV 108.8 MPH)
|
|
Batting: RHB Christian Blue
|
0-0: Ball 1-0: Ball 2-0: Ball 3-0: Base on Balls
|
|
Batting: LHB Brent Albertson
|
0-0: Ball 1-0: Called Strike 1-1: Swinging Strike 1-2: Strikes out swinging
|
|
Batting: RHB John Shaffer
|
0-0: Ball 1-0: Called Strike 1-1: Ball 2-1: Ball 3-1: Called Strike 3-2: Grounds into double play, 4-6-3 (Groundball, 4S, EV 91.9 MPH)
|
| Top of the 3rd over - 0 runs, 1 hit, 0 errors, 1 left on base; Columbus 2 - Fresno 0 |
| BOTTOM OF THE 3RD |
|
Fresno Grizzlies batting - Pitching for Columbus Clippers : RHP Matt Zambon
|
|
Batting: RHB Edgar Trejo
|
0-0: Ball 1-0: Foul Ball, location: 2F 1-1: Foul Ball, location: 2F 1-2: Ball 2-2: Strikes out swinging
|
|
Batting: RHB Matt Parker
|
0-0: Foul Ball, location: 2F 0-1: Ground out 5-3 (Groundball, 5, EV 99.4 MPH)
|
|
Batting: SHB Danny Jensen
|
0-0: Called Strike 0-1: Fly out, F7 (Flyball, 7S, EV 83.8 MPH)
|
| Bottom of the 3rd over - 0 runs, 0 hits, 0 errors, 0 left on base; Columbus 2 - Fresno 0 |
| TOP OF THE 4TH |
|
Columbus Clippers batting - Pitching for Fresno Grizzlies : RHP Gerardo Huerta
|
|
Batting: LHB Norihide Takata
|
0-0: Swinging Strike 0-1: SINGLE (Groundball, 56S, EV 66.9 MPH) (infield hit)
|
|
Batting: RHB Armando Galindo
|
0-0: Foul Ball, location: 2F 0-1: Called Strike 0-2: Ball 1-2: Foul Ball, location: 2F 1-2: Fly out, F8 (Flyball, 8RD, EV 96.9 MPH)
|
|
Batting: RHB Chris Folse
|
0-0: Ball 1-0: Called Strike 1-1: Ball 2-1: SINGLE (Line Drive, 3D, EV 99.4 MPH) Norihide Takata to second Runner from 2nd tries for 3rd, SAFE, throw by RF made to third
|
|
Batting: LHB John Dietrich
|
0-0: Swinging Strike 0-1: Ball 1-1: Called Strike Chris Folse is caught stealing 2nd base 2-6 1-2: Ball 2-2: Foul Ball, location: 2F 2-2: Hit by Pitch
|
|
Batting: LHB John Harring
|
0-0: Foul Ball, location: 2F 0-1: Foul Ball, location: 2F 0-2: Strikes out swinging
|
| Top of the 4th over - 0 runs, 2 hits, 0 errors, 2 left on base; Columbus 2 - Fresno 0 |
| BOTTOM OF THE 4TH |
|
Fresno Grizzlies batting - Pitching for Columbus Clippers : RHP Matt Zambon
|
|
Batting: RHB Ben Hoffman
|
0-0: Ball 1-0: Ball 2-0: Foul Ball, location: 2F 2-1: Ball 3-1: Foul Ball, location: 2F 3-2: Ground out 6-3 (Groundball, 6, EV 82.5 MPH)
|
|
Batting: RHB Paul Shell
|
0-0: Called Strike 0-1: Ball 1-1: Swinging Strike 1-2: Strikes out swinging
|
|
Batting: LHB Angelo Vasquez
|
0-0: Ball 1-0: Foul Ball, location: 2F 1-1: Ball 2-1: Called Strike 2-2: Foul Ball, location: 2F 2-2: Ball 3-2: Foul Ball, location: 2F 3-2: SINGLE (Line Drive, 78S, EV 101.9 MPH)
|
|
Batting: RHB Bill Cabrera
|
0-0: Ball 1-0: Swinging Strike 1-1: Ball 2-1: Swinging Strike 2-2: Ball 3-2: Base on Balls Angelo Vasquez to second
|
|
Batting: LHB Chris Cabrera
|
0-0: Ground out 4-3 (Groundball, 4, EV 83.1 MPH)
|
| Bottom of the 4th over - 0 runs, 1 hit, 0 errors, 2 left on base; Columbus 2 - Fresno 0 |
| TOP OF THE 5TH |
|
Columbus Clippers batting - Pitching for Fresno Grizzlies : RHP Gerardo Huerta
|
|
Batting: LHB Corey Trevor
|
0-0: Ball 1-0: Fly out, F7 (Flyball, 7D, EV 99.4 MPH)
|
|
Batting: RHB Christian Blue
|
0-0: Ground out 6-3 (Groundball, 6, EV 85.6 MPH)
|
|
Batting: LHB Brent Albertson
|
0-0: Ball 1-0: Called Strike 1-1: Ball 2-1: Foul Ball, location: 2F 2-2: Foul Ball, location: 2F 2-2: Ball 3-2: Foul Ball, location: 2F 3-2: Ground out 5-3 (Groundball, 5, EV 110.6 MPH)
|
| Top of the 5th over - 0 runs, 0 hits, 0 errors, 0 left on base; Columbus 2 - Fresno 0 |
| BOTTOM OF THE 5TH |
|
Fresno Grizzlies batting - Pitching for Columbus Clippers : RHP Matt Zambon
|
|
Batting: SHB Paskar Adegoke
|
0-0: Ball 1-0: Called Strike 1-1: Foul Ball, location: 2F 1-2: Ball 2-2: Ball 3-2: Ground out U3 (Groundball, 34, EV 86.2 MPH)
|
|
Batting: RHB Edgar Trejo
|
0-0: Called Strike 0-1: Called Strike 0-2: Ground out 6-3 (Groundball, 6, EV 104.4 MPH)
|
|
Batting: RHB Matt Parker
|
0-0: Ball 1-0: Fly out, F8 (Flyball, 8LM, EV 82.5 MPH)
|
| Bottom of the 5th over - 0 runs, 0 hits, 0 errors, 0 left on base; Columbus 2 - Fresno 0 |
| TOP OF THE 6TH |
|
Columbus Clippers batting - Pitching for Fresno Grizzlies : RHP Gerardo Huerta
|
|
Batting: RHB John Shaffer
|
0-0: Ground out 6-3 (Groundball, 4MS, EV 85.6 MPH)
|
|
Batting: LHB Norihide Takata
|
0-0: Ground out 5-3 (Groundball, 56, EV 99.4 MPH)
|
|
Batting: RHB Armando Galindo
|
0-0: Ground out 6-3 (Groundball, 6, EV 84.4 MPH)
|
| Top of the 6th over - 0 runs, 0 hits, 0 errors, 0 left on base; Columbus 2 - Fresno 0 |
| BOTTOM OF THE 6TH |
|
Fresno Grizzlies batting - Pitching for Columbus Clippers : RHP Matt Zambon
|
|
Batting: SHB Danny Jensen
|
0-0: Called Strike 0-1: Foul Ball, location: 2F 0-2: Foul Ball, location: 2F 0-2: Ball 1-2: Strikes out swinging
|
|
Batting: RHB Ben Hoffman
|
0-0: Ball 1-0: Swinging Strike 1-1: Called Strike 1-2: Ball 2-2: DOUBLE (Line Drive, 8LD, EV 108.8 MPH)
|
|
Batting: RHB Paul Shell
|
0-0: Foul Ball, location: 2F 0-1: Ball 1-1: Called Strike 1-2: Ball 2-2: Strikes out looking
|
|
Batting: LHB Angelo Vasquez
|
0-0: Ball 1-0: Ball 2-0: Called Strike 2-1: Foul Ball, location: 2F 2-2: Strikes out swinging
|
| Bottom of the 6th over - 0 runs, 1 hit, 0 errors, 1 left on base; Columbus 2 - Fresno 0 |
| TOP OF THE 7TH |
|
Columbus Clippers batting - Pitching for Fresno Grizzlies : RHP Gerardo Huerta
|
|
Batting: RHB Chris Folse
|
0-0: Ball 1-0: Ball 2-0: Ball 3-0: Base on Balls
|
|
Pitching: LHP Mike Cobb
|
|
|
Batting: LHB John Dietrich
|
0-0: Ball 1-0: Foul Ball, location: 2F 1-1: Ball 2-1: Called Strike 2-2: Strikes out swinging Chris Folse steals 2nd, throwing error, E2 Chris Folse to third
|
|
Batting: LHB John Harring
|
0-0: Ball 1-0: Called Strike 1-1: Ball 2-1: Fly out, F7 (Flyball, 7S, EV 89.4 MPH)
|
|
Batting: LHB Corey Trevor
|
0-0: Called Strike 0-1: Ball 1-1: Foul Ball, location: 2F 1-2: Ground out U3 (Groundball, 34, EV 78.8 MPH)
|
| Top of the 7th over - 0 runs, 0 hits, 1 error, 1 left on base; Columbus 2 - Fresno 0 |
| BOTTOM OF THE 7TH |
|
Fresno Grizzlies batting - Pitching for Columbus Clippers : RHP Matt Zambon
|
|
Batting: RHB Bill Cabrera
|
0-0: Ball 1-0: Ball 2-0: Called Strike 2-1: Ground out U3 (Groundball, 34S, EV 88.8 MPH)
|
|
Batting: LHB Chris Cabrera
|
0-0: Foul Ball, location: 2F 0-1: Ball 1-1: Ball 2-1: Called Strike 2-2: Foul Ball, location: 2F 2-2: SINGLE (Line Drive, 9S, EV 88.8 MPH)
|
|
Batting: SHB Paskar Adegoke
|
0-0: Swinging Strike 0-1: Swinging Strike 0-2: Ball 1-2: Strikes out swinging
|
|
Batting: RHB Edgar Trejo
|
0-0: Ball 1-0: Foul Ball, location: 2F 1-1: Ball 2-1: Fly out, F9 (Flyball, 89S, EV 78.8 MPH)
|
| Bottom of the 7th over - 0 runs, 1 hit, 0 errors, 1 left on base; Columbus 2 - Fresno 0 |
| TOP OF THE 8TH |
|
Columbus Clippers batting - Pitching for Fresno Grizzlies : LHP Mike Cobb
|
|
Batting: RHB Christian Blue
|
0-0: Swinging Strike 0-1: Ball 1-1: Foul Ball, location: 2F 1-2: Foul Ball, location: 2F 1-2: Strikes out swinging
|
|
Batting: LHB Brent Albertson
|
0-0: Foul Ball, location: 2F 0-1: Called Strike 0-2: Foul Ball, location: 2F 0-2: Strikes out swinging
|
|
Batting: RHB John Shaffer
|
0-0: Called Strike 0-1: Ground out 5-3 (Groundball, 56, EV 78.8 MPH)
|
| Top of the 8th over - 0 runs, 0 hits, 0 errors, 0 left on base; Columbus 2 - Fresno 0 |
| BOTTOM OF THE 8TH |
|
Fresno Grizzlies batting - Pitching for Columbus Clippers : RHP Matt Zambon
|
|
Pitching: RHP Josh Hughes
|
|
|
Batting: RHB Matt Parker
|
0-0: Ball 1-0: SOLO HOME RUN (Flyball, 78XD, EV 97.5 MPH), Distance : 400 ft
|
|
Batting: SHB Danny Jensen
|
0-0: Ball 1-0: Foul Ball, location: 2F 1-1: Ball 2-1: Called Strike 2-2: Fly out, F7 (Flyball, 7S, EV 91.2 MPH)
|
|
Batting: RHB Ben Hoffman
|
0-0: Ball 1-0: Ball 2-0: Fly out, F9 (Flyball, 9D, EV 78.1 MPH)
|
|
Batting: RHB Paul Shell
|
0-0: Ball 1-0: Ball 2-0: Ball 3-0: Base on Balls
|
|
Batting: LHB Angelo Vasquez
|
0-0: Ball 1-0: Ball 2-0: Foul Ball, location: 2F 2-1: Foul Ball, location: 2F 2-2: Ground out 4-3 (Groundball, 4, EV 106.9 MPH)
|
| Bottom of the 8th over - 1 run, 1 hit, 0 errors, 1 left on base; Columbus 2 - Fresno 1 |
| TOP OF THE 9TH |
|
Columbus Clippers batting - Pitching for Fresno Grizzlies : LHP Mike Cobb
|
|
Batting: LHB Norihide Takata
|
0-0: Ball 1-0: Foul Ball, location: 2F 1-1: Ball 2-1: Ground out 5-3 (Groundball, 56, EV 103.1 MPH)
|
|
Batting: RHB Armando Galindo
|
0-0: Called Strike 0-1: Ball 1-1: Ball 2-1: Fly out, F7 (Flyball, 7S, EV 71.2 MPH)
|
|
Batting: RHB Chris Folse
|
0-0: Called Strike 0-1: Foul Ball, location: 2F 0-2: Ball 1-2: Ground out 5-3 (Groundball, 56, EV 81.9 MPH)
|
| Top of the 9th over - 0 runs, 0 hits, 0 errors, 0 left on base; Columbus 2 - Fresno 1 |
| BOTTOM OF THE 9TH |
|
Fresno Grizzlies batting - Pitching for Columbus Clippers : RHP Josh Hughes
|
|
Batting: RHB Bill Cabrera
|
0-0: Ball 1-0: Fly out, F8 (Flyball, 8RM, EV 79.4 MPH)
|
|
Batting: LHB Chris Cabrera
|
0-0: Foul Ball, location: 2F 0-1: Foul Ball, location: 2F 0-2: Ball 1-2: SINGLE (Line Drive, 56, EV 95.6 MPH)
|
|
Batting: SHB Paskar Adegoke
|
0-0: Called Strike 0-1: Fielders Choice at 2nd, 3-6 (Groundball, 3, EV 111.2 MPH)
|
|
Batting: RHB Edgar Trejo
|
0-0: Foul Ball, location: 2F 0-1: Ball 1-1: Called Strike 1-2: Strikes out swinging
|
| Bottom of the 9th over - 0 runs, 1 hit, 0 errors, 1 left on base; Columbus 2 - Fresno 1 |
|